 Dungeon Crawl Stone Soup version 0.28-a0-1382-g92835e5c71 (webtiles) character file.

Game seed: 16231370480026477515

2823 YayAnonymity the Archer (level 9, -4/61 HPs)
             Began as a Demonspawn Hunter on Jan 2, 2022.
             Was an Initiate of Ashenzari.
             Slain by a death yak (20 damage)
             ... on level 7 of the Dungeon.
             The game lasted 00:14:06 (7971 turns).

YayAnonymity the Archer (Demonspawn Hunter)         Turns: 7971, Time: 00:14:07

Health: -4/61      AC:  5    Str: 20    XL:     9   Next: 45%
Magic:  9/9        EV: 13    Int: 14    God:    Ashenzari [......]
Gold:   1004       SH:  5    Dex: 13    Spells: 8/8 levels left

rFire   . . .      SeeInvis +   a - +1 shortbow
rCold   . . .      Faith    .   (shield currently unavailable)
rNeg    . . .      Spirit   .   o - +1 robe of Dujionwu {Fly rPois Str+4}
rPois   +          Reflect  +   (helmet restricted)
rElec   .          Harm     .   (no cloak)
rCorr   .          Rampage  .   (no gloves)
Will    .....                   (no boots)
Stlth   ++........              c - amulet "Distant Foul Odours" {Reflect SH+5, Melee, Elem} (curse)
HPRegen 0.20/turn               k - +4 ring of slaying
MPRegen 0.11/turn               w - ring of see invisible

@: flying
A: horns 1, yellow scales 1, demonic guardian 1
a: Renounce Religion, Shatter the Chains


You were on level 7 of the Dungeon.
You worshipped Ashenzari.
Ashenzari was noncommittal.
You visited 2 branches of the dungeon, and saw 9 of its levels.

You collected 1004 gold pieces.

Inventory:

Hand Weapons
 a - a +1 shortbow (weapon)
 b - a +2 morningstar of flaming
 f - a +0 short sword
Missiles
 d - 103 arrows (quivered ammo)
 h - 71 poisoned darts
 j - 2 throwing nets
Armour
 o - the +1 robe of Dujionwu (worn) {Fly rPois Str+4}
   (You found it on level 3 of the Dungeon)

   Str:       It affects your strength (+4).
   rPois:     It protects you from poison.
   Fly:       It grants you flight.
Jewellery
 c - the cursed amulet "Distant Foul Odours" (around neck) {Reflect SH+5, Melee, Elem}
   (You took it off a gnoll on level 3 of the Dungeon)

   [amulet of reflection]

   It reflects blocked missile attacks.
   SH:        It affects your SH (+5).
   It has a curse which improves the following skills: Melee Combat: Short
   Blades, Long Blades, Axes, Maces & Flails, Polearms, Staves and Unarmed
   Combat.
   Elements:  Fire Magic, Ice Magic, Air Magic and Earth Magic.
 k - a +4 ring of slaying (left hand)
 w - a ring of see invisible (right hand)
Wands
 n - a wand of acid (10)
 v - a wand of iceblast (23)
Scrolls
 p - a scroll of teleportation
 q - a scroll of acquirement
 t - a scroll of vulnerability {unknown}
 x - a scroll of noise {unknown}
Potions
 e - a potion of might
 g - 4 potions of curing
 i - 5 potions of haste
 l - a potion of attraction
 m - 3 potions of flight
 r - a potion of heal wounds {unknown}
 s - a potion of lignification {unknown}
 u - 2 potions of mutation


   Skills:
 - Level 2.0 Fighting
 * Level 11.4 Bows
 - Level 4.0 Dodging
 + Level 4.0 Stealth


You had 8 spell levels left.
You didn't know any spells.
Your spell library contained the following spells:

 Spells                   Type           Power      Damage    Failure   Level
 Summon Small Mammal      Summ           0%         N/A       28%         1
 Call Canine Familiar     Summ           0%         N/A       65%         3
 Dazzling Flash           Conj/Hex       0%         N/A       65%         3
 Gell's Gravitas          Tloc           0%         N/A       65%         3
 Mephitic Cloud           Conj/Pois/Air  0%         N/A       65%         3
 Summon Guardian Golem    Hex/Summ       0%         N/A       65%         3
 Teleport Other           Tloc           0%         N/A       65%         3
 Tukima's Dance           Hex            0%         N/A       65%         3
 Passage of Golubria      Tloc           0%         N/A       96%         4
 Agony                    Necr           0%         N/A       100%        5
 Freezing Cloud           Conj/Ice/Air   0%         6-21      100%        5
 Silence                  Hex/Air        0%         N/A       100%        5
 Yara's Violent Unravell  Hex/Tmut       0%         3d3       100%        5
 Dispersal                Tloc           0%         N/A       100%        6
 Lehudib's Crystal Spear  Conj/Erth      0%         10d2      100%        8


Dungeon Overview and Level Annotations

Branches:
Dungeon (8/15)             Temple (1/1) D:6
   Lair: D:8-11

Altars:
Ashenzari
Cheibriados
Dithmenos
Elyvilon
Fedhas
Gozag
Hepliaklqana
Kikubaaqudgha
Makhleb
Nemelex Xobeh
Okawaru
Qazlal
Ru
Sif Muna
Trog
Uskayaw
Vehumet
Wu Jian
Xom
Yredelemnul
Zin
The Shining One

Shops:
D:5 *

Annotations:
D:4 3 runed translucent doors, frimble's ghost, amateur DsWr


Innate Abilities, Weirdness & Mutations

You have a pair of small horns on your head.
You are partially covered in yellow scales. (AC +2)
A weak demonic guardian rushes to your aid.


Message History

You shoot an arrow. The death yak bellows!
The arrow hits the death yak.
The death yak is lightly wounded.
You hear a bellow!
You hear an angry buzzing noise. x2
You shoot an arrow.
The arrow hits the death yak but does no damage.
The death yak is lightly wounded.
You shoot an arrow.
The arrow completely misses the death yak.
The arrow closely misses the necrophage.
A death yak comes into view.
You shoot an arrow. The arrow barely misses the death yak.
The arrow closely misses the necrophage.
The arrow hits the death yak!
The death yak is lightly wounded.
You shoot an arrow. The arrow hits the death yak.
The death yak is lightly wounded.
An orc comes into view. It is wielding a +0 flail.
You shoot an arrow. The arrow hits the death yak.
The death yak is lightly wounded.
A killer bee comes into view.
The killer bee moves out of view.
A death yak comes into view.
The death yak moves out of view.
There is a stone staircase leading up here.
You fly upwards.
There is a stone staircase leading down here.
You fly downwards.
The death yak gores you!!
There is a stone staircase leading up, spattered with blood here.
The death yak gores you!!
* * * LOW HITPOINT WARNING * * *
A demonic guardian appears!
The necrophage hits you but does no damage.
You fly upwards.
There is a stone staircase leading down here.
You block the necrophage's attack. The necrophage closely misses you.
The death yak gores you!!
You die...

.......# .....### .#####
...### [....## ###
##....## #.## .#.....#
##..### .......## #.....#
........# ####..@..#
........###.###.nY####
..........#..#.#.>##.###
..........<..#.#.......##
#.......................#
......##.####.)...)....##
.........## ##..)..#..##
..........# #..[..#...##
..........####..........#


You could see a death yak and a necrophage.

Vanquished Creatures
  Sigmund (D:4)
  6 yaks
  A water moccasin (D:7)
  A sky beast (D:6)
  An ogre (D:5)
  2 necrophages
  2 centaurs (D:5)
  2 phantoms
  2 scorpions
  2 wyvern skeletons
  A water moccasin skeleton (D:6)
  A bullfrog zombie (D:5)
  4 hounds
  A centaur skeleton (D:6)
  3 orc priests
  A gnoll shaman (D:7)
  5 orc wizards
  Natasha (thrice) (D:2)
  A killer bee zombie (D:6)
  A hound zombie (D:5)
  A howler monkey zombie (D:5)
  7 gnolls
  A howler monkey skeleton (D:5)
  4 adders
  2 ufetubi
  An adder skeleton (D:4)
  2 worms (D:3)
  3 dart slugs (D:1)
  19 orcs
  9 ball pythons
  6 bats
  A giant cockroach (D:2)
  3 goblins
  6 hobgoblins
  6 jackals
  A quokka (D:5)
  2 frilled lizards
  6 kobolds
  2 rats (D:1)
123 creatures vanquished.

Notes
Turn   | Place    | Note
-------+----------+-------------------------------------------
     0 | D:1      | YayAnonymity the Demonspawn Hunter began the quest for the
                  | Orb.
     0 | D:1      | Reached XP level 1. HP: 16/16 MP: 1/1
   280 | D:1      | Gained mutation: You are partially covered in yellow
                  | scales. (AC +2) [demonic ancestry]
   280 | D:1      | Reached XP level 2. HP: 22/22 MP: 2/2
   336 | D:1      | Reached skill level 4 in Bows
   430 | D:1      | Found a faded altar of an unknown god.
  1208 | D:2      | You fall into a shaft and drop 1 floor!
  1415 | D:2      | Gained mutation: A weak demonic guardian rushes to your
                  | aid. [demonic ancestry]
  1415 | D:2      | Reached XP level 3. HP: 27/27 MP: 3/3
  1561 | D:2      | Noticed Natasha
  1568 | D:2      | Killed Natasha
  1706 | D:2      | Noticed Natasha
  1708 | D:2      | Killed Natasha
  1709 | D:2      | Reached XP level 4. HP: 28/33 MP: 4/4
  1856 | D:2      | Noticed Natasha
  1860 | D:2      | Killed Natasha
  1861 | D:2      | Reached skill level 5 in Bows
  2301 | D:2      | Gained mutation: You have a pair of small horns on your
                  | head. [demonic ancestry]
  2301 | D:2      | Reached XP level 5. HP: 32/38 MP: 5/5
  2405 | D:3      | Identified the +1 robe of Dujionwu {Fly rPois Str+4}
  2888 | D:3      | Got Hiucvaod's Volume of Combat Magic
  3093 | D:4      | Noticed a necrophage
  3121 | D:3      | Killed a necrophage
  3122 | D:3      | Reached XP level 6. HP: 17/44 MP: 6/6
  3499 | D:4      | Noticed Sigmund
  3503 | D:4      | Killed Sigmund
  3504 | D:4      | Reached skill level 6 in Bows
  3601 | D:4      | Found a runed translucent gate.
  3602 | D:4      | Found a runed translucent gate.
  3604 | D:4      | Found a runed translucent gate.
  3608 | D:4      | Noticed frimble's ghost (amateur DsWr)
  4001 | D:4      | Found a snail-covered altar of Cheibriados.
  4229 | D:5      | Entered Level 5 of the Dungeon
  4289 | D:5      | Reached skill level 7 in Bows
  4289 | D:5      | Reached XP level 7. HP: 40/50 MP: 7/7
  4509 | D:5      | Found a radiant altar of Vehumet.
  4509 | D:5      | Found an ancient bone altar of Kikubaaqudgha.
  4623 | D:5      | Found Qietaz's Assorted Antiques.
  5054 | D:5      | Reached skill level 8 in Bows
  5334 | D:5      | Identified 2 scrolls of acquirement
  5334 | D:5      | Acquired 653 gold pieces
  5356 | D:5      | Reached XP level 8. HP: 51/56 MP: 8/8
  5652 | D:6      | Reached skill level 9 in Bows
  5912 | D:6      | Found a hide-covered altar of Uskayaw.
  6081 | D:6      | Reached skill level 10 in Bows
  6146 | D:6      | Found a staircase to the Ecumenical Temple.
  6324 | Temple   | Entered the Ecumenical Temple
  6447 | Temple   | Became a worshipper of Ashenzari the Shackled
  6765 | D:7      | Reached skill level 1 in Stealth
  7072 | D:7      | Reached XP level 9. HP: 61/61 MP: 9/9
  7399 | D:6      | Found an ornate altar of the Wu Jian Council.
  7399 | D:6      | Found a bloodstained altar of Trog.
  7474 | D:7      | Reached skill level 11 in Bows
  7953 | D:8      | Noticed a death yak
  7956 | D:8      | Noticed a death yak
  7960 | D:8      | Noticed a death yak
  7967 | D:8      | Noticed a death yak
  7971 | D:7      | Slain by a death yak

Illustrated notes

Levels and vault maps discovered:
D:1:      dpeg_arrival_connections, layout_loops_ring, basic_ecumenical_altar,
          corner_web_ring, minmay_pentomino_p4
D:2:      layout_loops_ring, hangedman_decor_growths, uniq_natasha
D:3:      layout_basic
D:4:      layout_cave_pods, mainiacjoe_overflow_alcove_2,
          ebering_ghost_rock_garden, uniq_sigmund
D:5:      layout_loops_cross, gammafunk_temple_overflow_pools, serial_shops,
          nicolae_shop_behind_doors
D:6:      layout_cave_pools, nicolae_overflow_hidden_temple,
          nicolae_uskayaw_murder_on_the_dancefloor, temple_hall
D:7:      layout_cave_pools
D:8:      layout_rooms, dpeg_lair_monsters, nicolae_sextant, uniq_psyche
Temple:   eino_temple_scatter_basement

Skill      XL: |  1  2  3  4  5  6  7  8  9 |
---------------+----------------------------+-----
Dodging        | 2 3 4 |  4.0
Bows           | 4 5 7 8 10 11 | 11.4
Stealth        | 2 4 |  4.0
Fighting       | |  2.0

Action                   |  1- 3 |  4- 6 |  7- 9 || total
-------------------------+-------+-------+-------++-------
Melee: Short sword       |     6 |    30 |       ||    36
       Morningstar       |       |       |    26 ||    26
       Headbutt          |       |       |     5 ||     5
 Fire: Shortbow          |    74 |    87 |   215 ||   376
Invok: Curse Item        |       |       |     1 ||     1
  Use: Scroll            |       |       |    11 ||    11
 Stab: Sleeping          |       |       |     1 ||     1
Armor: Leather armour    |    17 |    20 |       ||    37
       Robe              |       |    17 |    23 ||    40
Dodge: Dodged            |    20 |    67 |    45 ||   132
Block: Other             |       |       |    24 ||    24

Table legend: (Time is in decaauts)
 A = Elapsed time spent in this place.
 B = Non-inter-level travel time spent in this place.
 C = Inter-level travel time spent in this place.
 D = Time resting spent in this place.
 E = Time spent auto-exploring this place.
 F = Levels seen in this place.
 G = Mean time per level.
                   A        B        C        D        E       F      G
               +--------+--------+--------+--------+--------+-----+--------+
         Total |   7983 |   7526 |    457 |   1352 |   5082 |   9 |  887.0 |
       Dungeon |   7741 |   7301 |    440 |   1352 |   4880 |   8 |  967.6 |
        Temple |    241 |    224 |     17 |      0 |    202 |   1 |  241.0 |
               +--------+--------+--------+--------+--------+-----+--------+

Top non-repeatable levels by time:
     D:5: 1258 daAuts
     D:1: 1176 daAuts
     D:6: 1121 daAuts
     D:2: 1110 daAuts
     D:3: 1097 daAuts
     D:4: 973 daAuts
     D:7: 971 daAuts
  Temple: 241 daAuts
     D:8: 32 daAuts
